 Dungeon Crawl Stone Soup version 0.30-a0-760-g5a9884bb7c (webtiles) character file.

Game seed: 9496202090188158756

72 sircluck the Sneak (level 4, 0/44 HPs)
             Began as a Troll Delver on Feb 10, 2023.
             Slain by a gnoll
             ... wielding a +0 halberd
             ... led by a gnoll bouda
              (12 damage)
             ... on level 5 of the Dungeon.
             The game lasted 00:02:29 (280 turns).

sircluck the Sneak (Troll Delver)                    Turns: 280, Time: 00:02:29

Health: 0/44       AC:  4    Str: 22    XL:     4   Next: 6%
Magic:  3/3        EV: 10    Int:  6    God:
Gold:   32         SH:  0    Dex: 11    Spells: 3/3 levels left

rFire   . . .      SeeInvis .    i - +7 whip of Hifikyk {flame, rElec rC+ Stlth-}
rCold   + . .      Faith    .    (no shield)
rNeg    . . .      Spirit   .    a - +0 robe
rPois   .          Reflect  .    (helmet restricted)
rElec   +          Harm     .    (no cloak)
rCorr   .          Rampage  .    (gloves unavailable)
Will    .....                    (boots unavailable)
Stlth   +                        (no amulet)
HPRegen 1.07/turn                (no ring)
MPRegen 0.08/turn                (no ring)

@: no status effects
A: large, unfitting armour, claws 3, regeneration 1, shaggy fur 1, tough skin 1
a: no special abilities


You were on level 5 of the Dungeon.
You visited 1 branch of the dungeon, and saw 1 of its levels.

You collected 32 gold pieces.

Inventory:

Hand Weapons
 i - the +7 whip of Hifikyk (weapon) {flame, rElec rC+ Stlth-}
   (You found it on level 5 of the Dungeon)

   rC:        It protects you from cold.
   rElec:     It insulates you from electricity.
   Stlth:     It makes you less stealthy.
Missiles
 h - 9 stones (quivered)
Armour
 a - a +0 robe (worn)
Wands
 f - a wand of digging (3)
Scrolls
 b - a scroll of fog
 c - a scroll of magic mapping
 d - a scroll of fear
 k - a scroll of amnesia {unknown}
Potions
 e - a potion of haste
 g - 3 potions of curing {unknown}
 j - a potion of flight {unknown}


   Skills:
 + Level 2.8 Fighting
 + Level 0.8 Maces & Flails
 + Level 1.7 Dodging
 + Level 3.3 Stealth
 + Level 2.1 Unarmed Combat


You had 3 spell levels left.
You didn't know any spells.
Your spell library was empty.

Dungeon Overview and Level Annotations

Branches:
Dungeon (5/15)
 Temple: D:4-7

Altars:
The Shining One


Innate Abilities, Weirdness & Mutations

You are too large for most types of armour.
You have claws for hands.
Your natural rate of healing is unusually fast.
You are covered in fur. (AC +1)
You have tough skin. (AC +1)


Message History

The gnoll moves out of view.
The gnoll barely misses you.
A gnoll comes into view. It is wielding a +0 club.
You barely miss the gnoll.
The gnoll shouts!
The gnoll hits you with a +0 halberd! x2
You are too injured to fight recklessly!
You are too injured to fight recklessly!
You are too injured to fight recklessly!
You are too injured to fight recklessly!
You are too injured to fight recklessly!
You are too injured to fight recklessly!
You are too injured to fight recklessly!
You are too injured to fight recklessly!
You are too injured to fight recklessly!
You are too injured to fight recklessly!
You are too injured to fight recklessly!
You are too injured to fight recklessly!
You are too injured to fight recklessly!
You are too injured to fight recklessly!
You are too injured to fight recklessly!
You are too injured to fight recklessly!
You are too injured to fight recklessly!
You barely miss the gnoll. You claw the gnoll!
The gnoll is heavily wounded.
You hit the gnoll bouda. You burn the gnoll bouda.
The gnoll bouda is lightly wounded.
The gnoll hits you from afar with a +0 halberd!
* * * LOW HITPOINT WARNING * * *
You whack the gnoll bouda! You burn the gnoll bouda.
The gnoll bouda is severely wounded.
The gnoll closely misses you.
The gnoll bouda calls upon its god to heal the gnoll.
The gnoll is healed somewhat.
You whack the gnoll bouda! You burn the gnoll bouda.
You kill the gnoll bouda!
The gnoll closely misses you.
You have reached level 4!
The gnoll hits you with a +0 halberd!
You die...

###### ... #..... ...
#.###. #.. ... #.....
#g# .... #...## #g#
...... #..... #g#
#......#...### #
#g###........#.#..
####.#@#.......####.#.#
..........#.#.#)........
#####.......#.#.####.#.#
....!......#.# #.#.#
#####......#.######.#.#
.................#.#.#
####.######.####.#.#.#
#.##............#.#
..#................


You could see 4 gnolls.

Vanquished Creatures
  A jelly (D:5)
  A gnoll bouda (D:5)
  2 worms (D:5)
  2 orcs (D:5)
6 creatures vanquished.

Notes
Turn   | Place    | Note
-------+----------+-------------------------------------------
     0 | D:5      | sircluck the Troll Delver began the quest for the Orb.
     0 | D:5      | Reached XP level 1. HP: 22/22 MP: 0/0
    33 | D:5      | Identified the +7 whip of Hifikyk {flame, rElec rC+ Stlth-}
    50 | D:5      | Found a glowing golden altar of the Shining One.
   111 | D:5      | Identified the +7 chain mail of Qegekk {rC+}
   224 | D:5      | Noticed a jelly
   229 | D:5      | Killed a jelly
   230 | D:5      | Reached skill level 3 in Stealth
   230 | D:5      | Reached XP level 2. HP: 16/29 MP: 1/1
   230 | D:5      | Reached XP level 3. HP: 20/36 MP: 2/2
   280 | D:5      | Reached XP level 4. HP: 11/44 MP: 3/3
   280 | D:5      | Slain by a gnoll

Illustrated notes

Levels and vault maps discovered:
D:5:      layout_basic, tso_altar, st_stairs_2, nicolae_elevator_lobby_asterisk

Skill      XL: |  1 |
---------------+----+-----
Stealth        | 3 |  3.3
Fighting       | |  2.8
Maces & Flails | |  0.8
Dodging        | |  1.7
Unarmed Combat | |  2.1

Action                     |  1- 3 |  4- 6 || total
---------------------------+-------+-------++-------
  Melee: Whip              |    20 |       ||    20
         Unarmed           |     2 |       ||     2
         Punch             |     2 |       ||     2
 Armour: Robe              |     2 |       ||     2
  Dodge: Dodged            |     6 |       ||     6

Table legend: (Time is in decaauts)
 A = Elapsed time spent in this place.
 B = Non-inter-level travel time spent in this place.
 C = Inter-level travel time spent in this place.
 D = Time resting spent in this place.
 E = Time spent auto-exploring this place.
 F = Levels seen in this place.
 G = Mean time per level.
                   A        B        C        D        E       F      G
               +--------+--------+--------+--------+--------+-----+--------+
         Total |    281 |    281 |      0 |      0 |    200 |   1 |  281.0 |
       Dungeon |    281 |    281 |      0 |      0 |    200 |   1 |  281.0 |
               +--------+--------+--------+--------+--------+-----+--------+

Top non-repeatable levels by time:
     D:5: 281 daAuts
